TOP OF THE 1ST |
Eau Claire Esquires batting - Pitching for Seattle Rainiers : LHP David Vance
|
Pitching: LHP David Vance
|
|
Batting: LHB Brian Easdale
|
0-0: Ball 1-0: Ground out 4-3 (Groundball, 4M)
|
Batting: SHB Darren Ramsey
|
0-0: Ball 1-0: SINGLE (Line Drive, 34D)
|
Batting: RHB Terry Perkins
|
0-0: Called Strike 0-1: Swinging Strike 0-2: Ball 1-2: Strikes out swinging
|
Batting: SHB Darren Campbell
|
0-0: Called Strike 0-1: Foul Ball, location: 2F 0-2: Strikes out swinging
|
Top of the 1st over - 0 run(s), 1 hit(s), 0 error(s), 1 left on base; Eau Claire 0 - Seattle 0 |
BOTTOM OF THE 1ST |
Seattle Rainiers batting - Pitching for Eau Claire Esquires : LHP Tim Davidson
|
Pitching: LHP Tim Davidson
|
|
Batting: LHB Quinn Webb
|
0-0: Ball 1-0: Ball 2-0: Ground out U3 (Groundball, 3L)
|
Batting: RHB Juan Hernández
|
0-0: Called Strike 0-1: Called Strike 0-2: Strikes out swinging
|
Batting: LHB Duane Lemay
|
0-0: Foul Ball, location: 2F 0-1: Swinging Strike 0-2: Ball 1-2: Fly out, F6 (Popup, 4MD)
|
Bottom of the 1st over - 0 run(s), 0 hit(s), 0 error(s), 0 left on base; Eau Claire 0 - Seattle 0 |
TOP OF THE 2ND |
Eau Claire Esquires batting - Pitching for Seattle Rainiers : LHP David Vance
|
Batting: LHB Corey MacGregor
|
0-0: Swinging Strike 0-1: Ball 1-1: Swinging Strike 1-2: Strikes out swinging
|
Batting: RHB Chet White
|
0-0: Called Strike 0-1: Called Strike 0-2: Ball 1-2: Ball 2-2: Ball 3-2: Foul Ball, location: 2F 3-2: Base on Balls
|
Batting: RHB Jackson Smith
|
0-0: SINGLE (Line Drive, 34D) Chet White to second Runner from 2nd tries for 3rd, SAFE, throw made to third
|
Batting: RHB Jonathan Reynolds
|
0-0: Ball 1-0: Ball 2-0: Called Strike 2-1: SINGLE (Flyball, 89S) Chet White scores Jackson Smith to second
|
Batting: RHB Gary Roberts
|
0-0: Ball 1-0: Called Strike 1-1: Foul Ball, location: 2F 1-2: Strikes out swinging
|
Batting: LHB Brian Easdale
|
0-0: Called Strike 0-1: Ball 1-1: Ground out 1-3 (Groundball, P)
|
Top of the 2nd over - 1 run(s), 2 hit(s), 0 error(s), 2 left on base; Eau Claire 1 - Seattle 0 |
BOTTOM OF THE 2ND |
Seattle Rainiers batting - Pitching for Eau Claire Esquires : LHP Tim Davidson
|
Batting: RHB Juan Bruno
|
0-0: Called Strike 0-1: Ground out 6-3 (Groundball, 56D)
|
Batting: RHB Roberto Casas
|
0-0: Fly out, F8 (Flyball, 8LM)
|
Batting: SHB Troy Holland
|
0-0: Ball 1-0: Ball 2-0: Ball 3-0: Called Strike 3-1: Base on Balls
|
Batting: RHB Richie Sawyer
|
0-0: SINGLE (Groundball, 6MD) Troy Holland to second
|
Batting: RHB Roberto Valentín
|
0-0: Ball 1-0: Foul Ball, location: 2F 1-1: Ball 2-1: Swinging Strike 2-2: Ball 3-2: Strikes out swinging
|
Bottom of the 2nd over - 0 run(s), 1 hit(s), 0 error(s), 2 left on base; Eau Claire 1 - Seattle 0 |
TOP OF THE 3RD |
Eau Claire Esquires batting - Pitching for Seattle Rainiers : LHP David Vance
|
Batting: SHB Darren Ramsey
|
0-0: Called Strike 0-1: Ball 1-1: Called Strike 1-2: Ground out 5-3 (Groundball, 5L)
|
Batting: RHB Terry Perkins
|
0-0: Swinging Strike 0-1: Ball 1-1: Called Strike 1-2: Foul Ball, location: 2F 1-2: Foul Ball, location: 2F 1-2: Ball 2-2: Ball 3-2: Foul Ball, location: 2F 3-2: SINGLE (Line Drive, 6M)
|
Batting: SHB Darren Campbell
|
0-0: Fielders Choice at 2nd, 6-4 (Groundball, 6)
|
Batting: LHB Corey MacGregor
|
0-0: Ball 1-0: Swinging Strike 1-1: Ball 2-1: SINGLE (Line Drive, 4D) Darren Campbell to second
|
Batting: RHB Chet White
|
0-0: SINGLE (Line Drive, 6MD) Darren Campbell to third Corey MacGregor to second Runner from 3rd tries for Home, SAFE, no throw
|
Batting: RHB Jackson Smith
|
0-0: Called Strike 0-1: Ball 1-1: Fly out, F9 (Flyball, 9S)
|
Top of the 3rd over - 1 run(s), 3 hit(s), 0 error(s), 2 left on base; Eau Claire 2 - Seattle 0 |
BOTTOM OF THE 3RD |
Seattle Rainiers batting - Pitching for Eau Claire Esquires : LHP Tim Davidson
|
Batting: SHB Dwight Hill
|
0-0: Called Strike 0-1: SINGLE (Groundball, 6MD)
|
Batting: LHB Quinn Webb
|
0-0: Ball 1-0: Called Strike 1-1: Ball 2-1: Foul Ball, location: 2F 2-2: Foul Ball, location: 2F 2-2: Foul Ball, location: 2F 2-2: Foul Ball, location: 2F 2-2: Ball 3-2: Grounds into double play, 6-4-3 (Groundball, 6)
|
Batting: RHB Juan Hernández
|
0-0: Called Strike 0-1: Foul Ball, location: 2F 0-2: Strikes out swinging
|
Bottom of the 3rd over - 0 run(s), 1 hit(s), 0 error(s), 0 left on base; Eau Claire 2 - Seattle 0 |
TOP OF THE 4TH |
Eau Claire Esquires batting - Pitching for Seattle Rainiers : LHP David Vance
|
Batting: RHB Jonathan Reynolds
|
0-0: Foul Ball, location: 2F 0-1: Ball 1-1: Called Strike 1-2: Ball 2-2: Ball 3-2: Strikes out looking
|
Batting: RHB Gary Roberts
|
0-0: Ball 1-0: Ball 2-0: Called Strike 2-1: Foul Ball, location: 2F 2-2: Foul Ball, location: 2F 2-2: Strikes out swinging
|
Batting: LHB Brian Easdale
|
0-0: Ball 1-0: Ground out 3-1 (Groundball, 34)
|
Top of the 4th over - 0 run(s), 0 hit(s), 0 error(s), 0 left on base; Eau Claire 2 - Seattle 0 |
BOTTOM OF THE 4TH |
Seattle Rainiers batting - Pitching for Eau Claire Esquires : LHP Tim Davidson
|
Batting: LHB Duane Lemay
|
0-0: Called Strike 0-1: Called Strike 0-2: Strikes out swinging
|
Batting: RHB Juan Bruno
|
0-0: SINGLE (Groundball, 6MS) (infield hit)
|
Batting: RHB Roberto Casas
|
0-0: Ball 1-0: Ball 2-0: Fly out, F4 (Popup, 4)
|
Batting: SHB Troy Holland
|
0-0: Called Strike Juan Bruno is caught stealing 2nd base
|
Bottom of the 4th over - 0 run(s), 1 hit(s), 0 error(s), 0 left on base; Eau Claire 2 - Seattle 0 |
TOP OF THE 5TH |
Eau Claire Esquires batting - Pitching for Seattle Rainiers : LHP David Vance
|
Batting: SHB Darren Ramsey
|
0-0: Called Strike 0-1: Ball 1-1: Called Strike 1-2: Foul Ball, location: 2F 1-2: Foul Ball, location: 2F 1-2: Ball 2-2: Ball 3-2: Base on Balls
|
Batting: RHB Terry Perkins
|
0-0: Called Strike 0-1: Ball 1-1: Ball 2-1: Foul Ball, location: 2F 2-2: Strikes out swinging
|
Batting: SHB Darren Campbell
|
0-0: Called Strike 0-1: Ball 1-1: Fly out, F9 (Flyball, 9S)
|
Pitching: LHP Bartolomeo Balsamo
|
|
Batting: LHB Corey MacGregor
|
0-0: Foul Ball, location: 2F 0-1: Ball 1-1: Foul Ball, location: 2F 1-2: Foul Ball, location: 2F 1-2: Fly out, F9 (Line Drive, 89M)
|
Top of the 5th over - 0 run(s), 0 hit(s), 0 error(s), 1 left on base; Eau Claire 2 - Seattle 0 |
BOTTOM OF THE 5TH |
Seattle Rainiers batting - Pitching for Eau Claire Esquires : LHP Tim Davidson
|
Batting: SHB Troy Holland
|
0-0: Ground out 1-3 (Groundball, 13)
|
Batting: RHB Richie Sawyer
|
0-0: Called Strike 0-1: Ground out U3 (Groundball, 34)
|
Batting: RHB Roberto Valentín
|
0-0: Fly out, F8 (Flyball, 78D)
|
Bottom of the 5th over - 0 run(s), 0 hit(s), 0 error(s), 0 left on base; Eau Claire 2 - Seattle 0 |
TOP OF THE 6TH |
Eau Claire Esquires batting - Pitching for Seattle Rainiers : LHP Bartolomeo Balsamo
|
Batting: RHB Chet White
|
0-0: Ball 1-0: Foul Ball, location: 2F 1-1: Foul Ball, location: 2F 1-2: DOUBLE (Groundball, 3L)
|
Batting: RHB Jackson Smith
|
0-0: Ball 1-0: Fly out, F8 (Flyball, 8RS)
|
Batting: RHB Jonathan Reynolds
|
0-0: Intentional Walk
|
Batting: RHB Gary Roberts
|
0-0: Grounds into double play, 6-4-3 (Groundball, 6)
|
Top of the 6th over - 0 run(s), 1 hit(s), 0 error(s), 1 left on base; Eau Claire 2 - Seattle 0 |
BOTTOM OF THE 6TH |
Seattle Rainiers batting - Pitching for Eau Claire Esquires : LHP Tim Davidson
|
Batting: SHB Dwight Hill
|
0-0: Ball 1-0: Ball 2-0: Called Strike 2-1: Called Strike 2-2: Foul Ball, location: 2F 2-2: Ball 3-2: Foul Ball, location: 2F 3-2: Foul Ball, location: 2F 3-2: SINGLE (Line Drive, 34)
|
Batting: LHB Quinn Webb
|
0-0: Foul Ball, location: 2F 0-1: Ball 1-1: Ball 2-1: Fly out, F7 (Flyball, 7)
|
Batting: RHB Juan Hernández
|
0-0: Called Strike Dwight Hill steals 2nd base 0-1: Ball 1-1: 2-RUN HOME RUN (Flyball, 7LD), Distance : 375 ft
|
Batting: LHB Duane Lemay
|
0-0: Ground out 4-3 (Groundball, 34)
|
Batting: RHB Juan Bruno
|
0-0: Called Strike 0-1: Ball 1-1: Ball 2-1: SINGLE (Groundball, 56D)
|
Batting: RHB Roberto Casas
|
0-0: Ball 1-0: Foul Ball, location: 2F 1-1: SINGLE (Groundball, 6MD) Juan Bruno to second Runner from 2nd tries for 3rd, SAFE, no throw
|
Batting: SHB Troy Holland
|
0-0: Foul Ball, location: 2F 0-1: Ball 1-1: Fielders Choice at 2nd, 6-4 (Groundball, 6)
|
Bottom of the 6th over - 2 run(s), 4 hit(s), 0 error(s), 1 left on base; Eau Claire 2 - Seattle 2 |
TOP OF THE 7TH |
Eau Claire Esquires batting - Pitching for Seattle Rainiers : LHP Bartolomeo Balsamo
|
Pinch Hitting: RHB Juan Martínez
|
0-0: Called Strike 0-1: Ball 1-1: Called Strike 1-2: Strikes out swinging
|
Batting: SHB Darren Ramsey
|
0-0: Called Strike 0-1: Foul Ball, location: 2F 0-2: Ball 1-2: Foul Ball, location: 2F 1-2: Ball 2-2: Strikes out swinging
|
Batting: RHB Terry Perkins
|
0-0: Ball 1-0: Foul Ball, location: 2F 1-1: Ball 2-1: Swinging Strike 2-2: DOUBLE (Flyball, 78XD)
|
Pinch Hitting: RHB Luis Cherena
|
0-0: Ball 1-0: Foul Ball, location: 2F 1-1: Foul Ball, location: 2F 1-2: Ball 2-2: Ball 3-2: SINGLE (Line Drive, 34D) Terry Perkins to third Terry Perkins scores
|
Batting: LHB Corey MacGregor
|
0-0: Ball 1-0: 2-RUN HOME RUN (Flyball, 8RXD), Distance : 445 ft
|
Pitching: RHP Les Johnston
|
|
Batting: RHB Chet White
|
0-0: Ball 1-0: Called Strike 1-1: Foul Ball, location: 2F 1-2: Strikes out swinging
|
Top of the 7th over - 3 run(s), 3 hit(s), 0 error(s), 0 left on base; Eau Claire 5 - Seattle 2 |
BOTTOM OF THE 7TH |
Seattle Rainiers batting - Pitching for Eau Claire Esquires : LHP Tim Davidson
|
Now at SS: Jorge Garza
|
|
Now in LF: Luis Cherena
|
|
Batting: RHB Richie Sawyer
|
0-0: Ball 1-0: Fly out, F7 (Flyball, 78D)
|
Batting: RHB Roberto Valentín
|
0-0: Called Strike 0-1: Ball 1-1: Foul Ball, location: 2F 1-2: Foul Ball, location: 2F 1-2: Ball 2-2: Strikes out swinging
|
Batting: SHB Dwight Hill
|
0-0: Ball 1-0: Fly out, F5 (Popup, 5S)
|
Bottom of the 7th over - 0 run(s), 0 hit(s), 0 error(s), 0 left on base; Eau Claire 5 - Seattle 2 |
TOP OF THE 8TH |
Eau Claire Esquires batting - Pitching for Seattle Rainiers : RHP Les Johnston
|
Batting: RHB Jackson Smith
|
0-0: Called Strike 0-1: Swinging Strike 0-2: Ball 1-2: Ball 2-2: Ball 3-2: Fly out, F5 (Line Drive, 5)
|
Batting: RHB Jonathan Reynolds
|
0-0: Ball 1-0: Reached on error, E5 (Groundball, 56)
|
Batting: RHB Gary Roberts
|
0-0: Ball 1-0: Fielders Choice at 2nd, 1-6 (Groundball, 13S)
|
Batting: RHB Jorge Garza
|
0-0: Ball Gary Roberts is caught stealing 2nd base
|
Top of the 8th over - 0 run(s), 0 hit(s), 1 error(s), 0 left on base; Eau Claire 5 - Seattle 2 |
BOTTOM OF THE 8TH |
Seattle Rainiers batting - Pitching for Eau Claire Esquires : LHP Tim Davidson
|
Pitching: LHP Tom Hale
|
|
Batting: LHB Quinn Webb
|
0-0: Foul Ball, location: 2F 0-1: SINGLE (Flyball, 9LS)
|
Pitching: RHP Dave Martin
|
|
Batting: RHB Juan Hernández
|
0-0: Called Strike 0-1: Ball 1-1: Foul Ball, location: 2F 1-2: Ball 2-2: Strikes out looking
|
Pitching: LHP Matthew Hernández
|
|
Batting: LHB Duane Lemay
|
0-0: Called Strike 0-1: Foul Ball, location: 2F 0-2: Ball Pickoff Throw to First - Error! E1 Quinn Webb to second 1-2: Ball 2-2: Ground out 6-3 (Groundball, 6)
|
Pitching: RHP Tim Horton
|
|
Batting: RHB Juan Bruno
|
0-0: Ball 1-0: Swinging Strike 1-1: Called Strike 1-2: Foul Ball, location: 2F 1-2: Strikes out looking
|
Bottom of the 8th over - 0 run(s), 1 hit(s), 1 error(s), 1 left on base; Eau Claire 5 - Seattle 2 |
TOP OF THE 9TH |
Eau Claire Esquires batting - Pitching for Seattle Rainiers : RHP Les Johnston
|
Batting: RHB Jorge Garza
|
0-0: Swinging Strike 0-1: SINGLE (Groundball, 6) (infield hit)
|
Batting: SHB Darren Ramsey
|
0-0: Foul Ball, location: 2F 0-1: Ball 1-1: Ball 2-1: Ball 3-1: Foul Ball, location: 2F 3-2: Strikes out looking Jorge Garza steals 2nd base Batter strikes out.
|
Batting: RHB Terry Perkins
|
0-0: Ball 1-0: Ball 2-0: Called Strike 2-1: Foul Ball, location: 2F 2-2: Ball 3-2: Base on Balls
|
Batting: RHB Luis Cherena
|
0-0: SINGLE (Flyball, 78S) Jorge Garza to third Terry Perkins to second Runner from 3rd tries for Home, SAFE, no throw
|
Batting: LHB Corey MacGregor
|
0-0: DOUBLE (Line Drive, 89XD) Terry Perkins scores Luis Cherena to third Runner from 3rd tries for Home, SAFE, throw made at trailing runner, SAFE at third!
|
Pitching: LHP Jeffrey Glass
|
|
Batting: RHB Chet White
|
0-0: Ball 1-0: Called Strike 1-1: Foul Ball, location: 2F 1-2: Strikes out swinging
|
Batting: RHB Jackson Smith
|
0-0: Ball 1-0: Called Strike 1-1: Ball 2-1: Swinging Strike 2-2: Strikes out swinging
|
Top of the 9th over - 3 run(s), 3 hit(s), 0 error(s), 1 left on base; Eau Claire 8 - Seattle 2 |
BOTTOM OF THE 9TH |
Seattle Rainiers batting - Pitching for Eau Claire Esquires : RHP Tim Horton
|
Now at 2B: Kyle McIntyre
|
|
Batting: RHB Roberto Casas
|
0-0: Ball 1-0: Called Strike 1-1: Ball 2-1: Swinging Strike 2-2: Foul Ball, location: 2F 2-2: Foul Ball, location: 2F 2-2: Strikes out swinging
|
Batting: SHB Troy Holland
|
0-0: Ground out 4-3 (Groundball, 4)
|
Batting: RHB Richie Sawyer
|
0-0: Fly out, F9 (Flyball, 9)
|
Bottom of the 9th over - 0 run(s), 0 hit(s), 0 error(s), 0 left on base; Eau Claire 8 - Seattle 2 |
|